General information
- name: BNet
- type: Ladder team game (AT/RT)
- host: Battle.net
- saver: ITS-EASY-ROD
map: MarketSquare
- players: 8
- length: 55:44
- speed: Fast
- version: 1.28 W3XP
- replay type: Public
» download(537 KB)
Players
team 1 (loser)
n1234567 (
red | 76 APM | 4221 actions | 55:44)
8 Priestess of the Moon
3 Trueshot Aura
3 Searing Arrows
1 Starfall
1 Scout
» actions
| Assign group hotkey | 68 | |
| Build / train | 123 | |
| Enter build submenu | 23 | |
| Enter hero's abilities submenu | 8 | |
| Give item / drop item | 2 | |
| Remove unit from queue | 2 | |
| Right click | 1590 | |
| Select / deselect | 687 | |
| Select group hotkey | 1584 | |
| Use ability | 129 | |
4221 total
» units
| Wisp | 31 | |
| Archer | 11 | |
| Druid of the Talon | 6 | |
| Chimaera | 17 | |
| Hippogryph | 9 | |
| Faerie Dragon | 11 | |
85 total
» upgrades
| Improved Bows | 1 | |
| Druid of the Talon Training | 2 | |
| Corrosive Breath | 1 | |
| Well Spring | 1 | |
| Nature's Blessing | 1 | |
6 total
» buildings
| Altar of Elders | 1 | |
| Moon Well | 10 | |
| Ancient of War | 1 | |
| Tree of Ages | 2 | |
| Ancient of Wonders | 1 | |
| Ancient of Wind | 3 | |
| Tree of Life | 3 | |
| Tree of Eternity | 1 | |
| Chimaera Roost | 3 | |
| Hunter's Hall | 1 | |
26 total
» build order
00:02 Altar of Elders
00:06 Moon Well
01:00 Ancient of War
01:17 Moon Well
01:43 Moon Well
03:19 Tree of Ages
03:19 Tree of Ages
03:40 Ancient of Wonders
05:50 Ancient of Wind
06:15 Tree of Life
06:34 Tree of Eternity
07:45 Moon Well
08:21 Moon Well
08:44 Tree of Life
08:57 Chimaera Roost
09:39 Chimaera Roost
11:31 Moon Well
11:49 Chimaera Roost
12:03 Moon Well
12:05 Moon Well
16:17 Ancient of Wind
16:20 Ancient of Wind
17:12 Moon Well
17:14 Moon Well
19:42 Hunter's Hall
21:34 Tree of Life
» items
| Scroll of Town Portal | 5 | |
| Scroll of Protection | 3 | |
| Moonstone | 5 | |
| Anti-magic Potion | 3 | |
| Potion of Healing | 1 | |
| Dust of Appearance | 1 | |
18 total
ITS-EASY-ROD (
pink | 58 APM | 3208 actions | 55:44)
10 Blademaster
3 Wind Walk
3 Critical Strike
1 Bladestorm
3 Mirror Image
» actions
| Assign group hotkey | 94 | |
| Basic commands | 242 | |
| Build / train | 74 | |
| Enter build submenu | 21 | |
| Enter hero's abilities submenu | 10 | |
| Give item / drop item | 11 | |
| Remove unit from queue | 2 | |
| Right click | 1199 | |
| Select / deselect | 358 | |
| Select group hotkey | 1030 | |
| Use ability | 166 | |
3208 total
» units
| Peon | 16 | |
| Grunt | 4 | |
| Wind Rider | 8 | |
| Troll Batrider | 1 | |
29 total
» upgrades
| Ranged Weapons | 2 | |
| Armor | 2 | |
| Reinforced Defenses | 1 | |
| Envenomed Spears | 1 | |
| Melee Weapons | 2 | |
| Liquid Fire | 1 | |
| Ensnare | 1 | |
10 total
» buildings
| Altar of Storms | 1 | |
| Orc Burrow | 6 | |
| Barracks | 1 | |
| Voodoo Lounge | 1 | |
| Stronghold | 1 | |
| War Mill | 1 | |
| Beastiary | 4 | |
| Great Hall | 1 | |
| Watch Tower | 25 | |
| Fortress | 3 | |
44 total
» build order
00:11 Altar of Storms
00:23 Orc Burrow
00:38 Barracks
01:22 Orc Burrow
01:49 Voodoo Lounge
02:00 Stronghold
02:26 Orc Burrow
02:41 War Mill
03:06 Orc Burrow
04:26 Beastiary
04:27 Beastiary
04:29 Beastiary
04:50 Great Hall
05:00 Watch Tower
05:00 Watch Tower
05:46 Fortress
05:46 Fortress
05:51 Orc Burrow
06:08 Watch Tower
06:09 Watch Tower
06:39 Beastiary
07:03 Watch Tower
07:03 Watch Tower
09:23 Watch Tower
09:23 Watch Tower
09:23 Watch Tower
09:24 Watch Tower
09:24 Watch Tower
09:24 Watch Tower
10:08 Orc Burrow
15:54 Watch Tower
15:54 Watch Tower
15:55 Watch Tower
15:56 Watch Tower
18:08 Watch Tower
18:09 Watch Tower
18:09 Watch Tower
18:09 Watch Tower
19:26 Watch Tower
19:26 Watch Tower
19:26 Watch Tower
19:27 Watch Tower
21:41 Watch Tower
» items
| Healing Salve | 3 | |
| Potion of Mana | 2 | |
| Scroll of Town Portal | 4 | |
| Orb of Lightning | 1 | |
| Tiny Great Hall | 2 | |
| Staff of Teleportation | 1 | |
| Lesser Clarity Potion | 1 | |
14 total
Waffles (
yellow | 35 APM | 1946 actions | 55:44)
7 Far Seer
3 Feral Spirit
2 Far Sight
1 Chain Lighting
1 Earth Quake
» actions
| Assign group hotkey | 1 | |
| Build / train | 42 | |
| ESC pressed | 10 | |
| Enter build submenu | 16 | |
| Enter hero's abilities submenu | 8 | |
| Give item / drop item | 2 | |
| Right click | 1263 | |
| Select / deselect | 473 | |
| Use ability | 127 | |
1946 total
» units
» buildings
| Altar of Storms | 2 | |
| Orc Burrow | 3 | |
| Voodoo Lounge | 1 | |
| War Mill | 2 | |
| Watch Tower | 6 | |
14 total
» build order
00:05 Altar of Storms
00:09 Orc Burrow
01:53 Orc Burrow
02:25 Voodoo Lounge
10:33 War Mill
11:52 Watch Tower
11:53 Watch Tower
12:54 Watch Tower
12:56 Watch Tower
15:12 Watch Tower
15:14 Watch Tower
35:59 War Mill
37:10 Orc Burrow
37:12 Altar of Storms
» items
| Healing Salve | 5 | |
| Scroll of Town Portal | 5 | |
| Staff of Teleportation | 1 | |
| Boots of Speed | 1 | |
| Lesser Clarity Potion | 1 | |
13 total
Tital (
teal | 59 APM | 2740 actions | 46:41)
8 Archmage
3 Summon Water Elemental
3 Brilliance Aura
1 Blizzard
1 Mass Teleport
6 Blood Mage
2 Siphon Mana
3 Flame Strike
1 Summon Phoenix
» actions
| Assign group hotkey | 37 | |
| Basic commands | 117 | |
| Build / train | 103 | |
| Enter build submenu | 27 | |
| Enter hero's abilities submenu | 13 | |
| Give item / drop item | 3 | |
| Right click | 1105 | |
| Select / deselect | 524 | |
| Select group hotkey | 677 | |
| Use ability | 134 | |
2740 total
» units
| Peasant | 10 | |
| Footman | 4 | |
| Rifleman | 15 | |
| Sorceress | 6 | |
| Priest | 7 | |
| Siege Engine | 3 | |
45 total
» upgrades
| Lumber Harvesting | 2 | |
| Gunpowder | 3 | |
| Long Rifles | 1 | |
| Priest Training | 2 | |
| Sorceress Training | 2 | |
| Masonry | 3 | |
| Magic Sentry | 1 | |
| Armor | 3 | |
| Plating | 2 | |
19 total
» buildings
| Altar of Kings | 1 | |
| Farm | 11 | |
| Barracks | 1 | |
| Arcane Vault | 1 | |
| Scout Tower | 4 | |
| Lumber Mill | 1 | |
| Keep | 1 | |
| Guard Tower | 2 | |
| Blacksmith | 1 | |
| Arcane Sanctum | 2 | |
| Castle | 1 | |
| Arcane Tower | 2 | |
| Workshop | 2 | |
30 total
» build order
00:10 Altar of Kings
00:22 Farm
00:34 Farm
00:37 Barracks
01:37 Farm
02:07 Arcane Vault
02:22 Scout Tower
03:20 Lumber Mill
03:22 Keep
03:26 Farm
04:53 Guard Tower
05:17 Blacksmith
05:23 Farm
06:30 Scout Tower
06:47 Arcane Sanctum
06:50 Arcane Sanctum
07:01 Guard Tower
07:03 Farm
07:04 Farm
07:51 Farm
09:21 Castle
14:58 Farm
14:58 Farm
14:59 Farm
15:46 Scout Tower
16:20 Arcane Tower
16:23 Scout Tower
18:36 Arcane Tower
33:30 Workshop
33:31 Workshop
» items
| Scroll of Regeneration | 3 | |
| Scroll of Town Portal | 4 | |
| Staff of Sanctuary | 1 | |
| Lesser Clarity Potion | 2 | |
| Tome of Retraining | 1 | |
| Potion of Invisibility | 1 | |
12 total
team 2 (winner)
Orc.T (
orange | 51 APM | 2866 actions | 55:44)
7 Keeper of the Grove
3 Entangling Roots
3 Thorns Aura
1 Tranquility
1 Death Knight
1 Unholy Aura
1 Blademaster
1 Mirror Image
1 Shadow Hunter
1 Healing Wave
» actions
| Assign group hotkey | 45 | |
| Basic commands | 41 | |
| Build / train | 160 | |
| ESC pressed | 13 | |
| Enter build submenu | 53 | |
| Enter hero's abilities submenu | 11 | |
| Remove unit from queue | 3 | |
| Right click | 1260 | |
| Select / deselect | 703 | |
| Select group hotkey | 429 | |
| Use ability | 148 | |
2866 total
» units
| Wisp | 61 | |
| Archer | 23 | |
| Hippogryph | 16 | |
| Crypt Fiend | 6 | |
| Acolyte | 4 | |
| Frost Wyrm | 4 | |
114 total
» upgrades
| Strength of the Moon | 3 | |
| Moon Armor | 2 | |
| Hippogryph Taming | 1 | |
| Improved Bows | 1 | |
| Nature's Blessing | 1 | |
| Marksmanship | 1 | |
| Creature Attack | 2 | |
| Creature Carapace | 2 | |
| Freezing Breath | 1 | |
| Burrow | 1 | |
| Unholy Strength | 1 | |
| Unholy Armor | 1 | |
17 total
» buildings
| Altar of Elders | 2 | |
| Moon Well | 7 | |
| Ancient of War | 2 | |
| Ancient of Wonders | 1 | |
| Tree of Life | 3 | |
| Hunter's Hall | 2 | |
| Ancient Protector | 19 | |
| Tree of Ages | 1 | |
| Ancient of Wind | 2 | |
| Tree of Eternity | 1 | |
| Sacrificial Pit | 1 | |
| Boneyard | 3 | |
| Ziggurat | 2 | |
| Spirit Tower | 1 | |
47 total
» build order
00:20 Altar of Elders
00:22 Moon Well
00:39 Ancient of War
01:47 Moon Well
01:55 Ancient of Wonders
03:36 Tree of Life
03:42 Hunter's Hall
03:50 Moon Well
03:54 Ancient of War
05:06 Ancient Protector
05:52 Tree of Ages
07:50 Ancient Protector
07:53 Ancient Protector
08:51 Ancient Protector
08:56 Ancient Protector
09:24 Moon Well
10:11 Ancient Protector
10:35 Ancient Protector
11:00 Ancient of Wind
11:13 Ancient Protector
11:25 Ancient Protector
11:27 Ancient Protector
11:42 Ancient Protector
12:02 Ancient Protector
12:49 Ancient of Wind
13:21 Ancient Protector
13:53 Moon Well
13:59 Moon Well
15:23 Ancient Protector
15:40 Tree of Life
17:23 Tree of Eternity
18:12 Tree of Life
19:56 Hunter's Hall
21:02 Ancient Protector
22:36 Moon Well
24:27 Sacrificial Pit
26:20 Boneyard
26:21 Boneyard
26:27 Boneyard
27:02 Ancient Protector
27:05 Ancient Protector
29:53 Ziggurat
29:55 Ziggurat
29:59 Altar of Elders
30:01 Ancient Protector
30:22 Ancient Protector
37:47 Spirit Tower
» items
| Scroll of Town Portal | 4 | |
| Staff of Preservation | 1 | |
| Lesser Clarity Potion | 1 | |
| Potion of Healing | 2 | |
| Staff of Teleportation | 1 | |
| Boots of Speed | 1 | |
10 total
HURRY-THE-F-UP (
blue | 74 APM | 4103 actions | 55:44)
9 Blood Mage
3 Flame Strike
3 Siphon Mana
1 Summon Phoenix
2 Banish
» actions
| Assign group hotkey | 259 | |
| Basic commands | 153 | |
| Build / train | 99 | |
| Enter build submenu | 64 | |
| Enter hero's abilities submenu | 9 | |
| Give item / drop item | 7 | |
| Remove unit from queue | 2 | |
| Right click | 1915 | |
| Select / deselect | 687 | |
| Select group hotkey | 627 | |
| Use ability | 281 | |
4103 total
» units
| Peasant | 24 | |
| Footman | 4 | |
| Sorceress | 14 | |
| Mortar Team | 2 | |
44 total
» upgrades
| Lumber Harvesting | 2 | |
| Sorceress Training | 2 | |
| Magic Sentry | 1 | |
| Masonry | 3 | |
| Gunpowder | 1 | |
| Armor | 1 | |
10 total
» buildings
| Altar of Kings | 1 | |
| Barracks | 1 | |
| Farm | 10 | |
| Scout Tower | 37 | |
| Arcane Tower | 2 | |
| Keep | 1 | |
| Arcane Vault | 1 | |
| Lumber Mill | 1 | |
| Town Hall | 4 | |
| Arcane Sanctum | 2 | |
| Castle | 1 | |
| Guard Tower | 13 | |
| Blacksmith | 2 | |
| Workshop | 4 | |
| Gryphon Aviary | 4 | |
84 total
» build order
00:51 Altar of Kings
00:53 Barracks
00:55 Farm
00:56 Farm
01:04 Farm
01:35 Farm
01:52 Scout Tower
02:26 Arcane Tower
03:05 Scout Tower
03:28 Keep
03:47 Arcane Vault
03:49 Arcane Tower
04:18 Lumber Mill
05:53 Town Hall
05:54 Scout Tower
05:55 Scout Tower
05:55 Scout Tower
05:55 Scout Tower
06:00 Arcane Sanctum
07:31 Castle
07:37 Guard Tower
08:13 Scout Tower
08:13 Scout Tower
08:14 Scout Tower
08:15 Scout Tower
08:16 Scout Tower
08:45 Arcane Sanctum
09:27 Guard Tower
10:34 Guard Tower
10:37 Guard Tower
11:34 Scout Tower
11:35 Scout Tower
11:35 Scout Tower
11:35 Scout Tower
12:05 Guard Tower
12:05 Guard Tower
12:08 Guard Tower
12:08 Guard Tower
12:37 Farm
12:46 Scout Tower
12:49 Scout Tower
16:28 Guard Tower
16:34 Scout Tower
16:34 Scout Tower
16:35 Scout Tower
16:36 Scout Tower
16:36 Scout Tower
16:37 Scout Tower
19:28 Town Hall
19:32 Scout Tower
19:33 Scout Tower
19:33 Scout Tower
19:33 Scout Tower
20:22 Guard Tower
22:28 Guard Tower
25:50 Scout Tower
25:50 Scout Tower
25:50 Scout Tower
25:51 Scout Tower
25:51 Scout Tower
25:52 Scout Tower
25:52 Scout Tower
26:49 Guard Tower
28:33 Town Hall
28:39 Guard Tower
29:49 Blacksmith
29:50 Blacksmith
30:31 Workshop
30:32 Workshop
30:34 Workshop
30:37 Workshop
30:40 Farm
30:42 Farm
31:20 Scout Tower
31:20 Scout Tower
31:20 Scout Tower
31:49 Farm
31:49 Farm
31:52 Farm
39:02 Town Hall
44:43 Gryphon Aviary
44:43 Gryphon Aviary
44:49 Gryphon Aviary
44:50 Gryphon Aviary
» items
| Scroll of Regeneration | 3 | |
| Boots of Speed | 1 | |
| Periapt of Vitality | 2 | |
| Staff of Teleportation | 1 | |
| Potion of Invisibility | 1 | |
| Potion of Lesser Invulnerability | 3 | |
| Scroll of Town Portal | 5 | |
16 total
HiSSsSSSsSSSsSS (
green | 153 APM | 6332 actions | 41:19)
8 Blademaster
3 Wind Walk
3 Critical Strike
1 Bladestorm
1 Mirror Image
6 Shadow Hunter
3 Hex
2 Healing Wave
1 Big Bad Voodoo
» actions
| Assign group hotkey | 129 | |
| Basic commands | 137 | |
| Build / train | 158 | |
| ESC pressed | 6 | |
| Enter build submenu | 36 | |
| Enter hero's abilities submenu | 14 | |
| Give item / drop item | 8 | |
| Right click | 2613 | |
| Select / deselect | 876 | |
| Select group hotkey | 2057 | |
| Use ability | 298 | |
6332 total
» units
| Peon | 13 | |
| Grunt | 4 | |
| Troll Headhunter/Berserker | 15 | |
| Kodo Beast | 2 | |
| Shaman | 7 | |
| Raider | 6 | |
| Troll Witch Doctor | 4 | |
| Troll Batrider | 3 | |
| Spirit Walker | 1 | |
| Tauren | 1 | |
56 total
» upgrades
| Armor | 3 | |
| Melee Weapons | 3 | |
| Berserker Strength | 1 | |
| Ranged Weapons | 3 | |
| Reinforced Defenses | 1 | |
| Pillage | 1 | |
| Berserker Upgrade | 1 | |
| War Drums Damage Increase | 1 | |
| Shaman Training | 2 | |
| Ensnare | 1 | |
| Witch Doctor Training | 2 | |
| Liquid Fire | 1 | |
| Troll Regeneration | 1 | |
| Spirit Walker Training | 2 | |
| Pulverize | 1 | |
| Spiked Barricades | 1 | |
25 total
» buildings
| Orc Burrow | 7 | |
| Altar of Storms | 1 | |
| Barracks | 2 | |
| Voodoo Lounge | 1 | |
| War Mill | 1 | |
| Stronghold | 3 | |
| Great Hall | 2 | |
| Watch Tower | 15 | |
| Fortress | 3 | |
| Beastiary | 2 | |
| Spirit Lodge | 2 | |
| Tauren Totem | 1 | |
40 total
» build order
00:05 Orc Burrow
00:10 Orc Burrow
00:54 Altar of Storms
01:25 Barracks
01:44 Voodoo Lounge
02:25 War Mill
03:21 Orc Burrow
04:22 Stronghold
04:47 Great Hall
05:35 Watch Tower
06:03 Watch Tower
06:04 Watch Tower
07:08 Fortress
07:08 Fortress
07:08 Fortress
07:43 Watch Tower
07:44 Watch Tower
09:48 Orc Burrow
10:43 Watch Tower
11:09 Watch Tower
12:45 Watch Tower
13:09 Beastiary
13:11 Spirit Lodge
13:16 Beastiary
13:18 Spirit Lodge
20:04 Orc Burrow
20:05 Orc Burrow
24:26 Barracks
26:59 Orc Burrow
30:34 Tauren Totem
34:17 Great Hall
34:33 Watch Tower
34:35 Watch Tower
34:37 Watch Tower
34:38 Watch Tower
36:32 Watch Tower
36:33 Watch Tower
36:34 Watch Tower
» items
| Healing Salve | 9 | |
| Lesser Clarity Potion | 10 | |
| Scroll of Regeneration | 1 | |
| Orb of Lightning | 2 | |
| Potion of Mana | 4 | |
| Scroll of Town Portal | 4 | |
| Potion of Healing | 1 | |
| Boots of Speed | 1 | |
| Periapt of Vitality | 2 | |
| Circlet of Nobility | 1 | |
| Potion of Lesser Invulnerability | 3 | |
38 total

»
russell16 (
purple | 37 APM | 595 actions | 15:58)
3 Death Knight
2 Death Coil
1 Unholy Aura
» actions
| Build / train | 45 | |
| Enter build submenu | 19 | |
| Enter hero's abilities submenu | 3 | |
| Right click | 366 | |
| Select / deselect | 139 | |
| Use ability | 23 | |
595 total
» units
| Acolyte | 14 | |
| Ghoul | 5 | |
| Crypt Fiend | 11 | |
30 total
» upgrades
| Creature Attack | 1 | |
| Creature Carapace | 1 | |
| Web | 1 | |
3 total
» buildings
| Ziggurat | 9 | |
| Altar of Darkness | 1 | |
| Crypt | 1 | |
| Graveyard | 1 | |
| Halls of the Dead | 1 | |
| Spirit Tower | 3 | |
| Black Citadel | 1 | |
| Tomb of Relics | 4 | |
| Nerubian Tower | 1 | |
22 total
» build order
00:22 Ziggurat
00:30 Altar of Darkness
00:47 Crypt
01:05 Graveyard
01:46 Ziggurat
01:56 Ziggurat
04:00 Halls of the Dead
07:58 Spirit Tower
08:01 Black Citadel
08:21 Ziggurat
08:27 Ziggurat
09:20 Tomb of Relics
09:26 Tomb of Relics
09:52 Ziggurat
10:05 Ziggurat
11:50 Ziggurat
12:02 Tomb of Relics
12:15 Nerubian Tower
13:04 Ziggurat
13:06 Spirit Tower
13:21 Tomb of Relics
14:05 Spirit Tower
» items
| Scroll of Town Portal | 1 | |
| Orb of Corruption | 1 | |
2 total
Chat log
(00:02 / All) Orc.T: ehhhhhhh
(00:05 / Allies) ITS-EASY-ROD: cc
(00:07 / Allies) ITS-EASY-ROD: me bat
(00:14 / Allies) n1234567: i was oging to say
(00:17 / Allies) n1234567: let's all go harass someone
(00:18 / Allies) n1234567: really bad
(00:29 / Allies) ITS-EASY-ROD: thx yellow
(00:31 / Allies) ITS-EASY-ROD: feed me if u want
(00:34 / Allies) ITS-EASY-ROD: i used to be rank 1
(00:41 / Allies) Waffles: k
(00:44 / Allies) n1234567: yellow are you really 39 - 106?
(00:47 / Allies) Waffles: no
(00:48 / Allies) n1234567: or you leaving games?
(00:51 / Allies) Waffles: yes
(00:53 / Allies) n1234567: so you can find easier?
(00:55 / Allies) n1234567: ah ok
(00:56 / Allies) Waffles: yes
(01:04 / Allies) Waffles: im also playing cs:s right now too
(01:06 / Allies) Waffles: feeding pink
(01:10 / Allies) n1234567: ok good
(01:12 / Allies) n1234567: tower up a bit
(01:13 / Allies) n1234567: then feed
(01:15 / Allies) ITS-EASY-ROD: just feed
(01:57 / Allies) ITS-EASY-ROD: thx
(02:02 / Allies) n1234567: ty yellow
(02:18 / Allies) Waffles: make like 6 beastiaries and pump bats?
(02:33 / Allies) ITS-EASY-ROD: yes sir
(02:39 / Allies) Waffles: then switch to something like raiders?
(02:45 / Allies) ITS-EASY-ROD: ill adjust
(03:56 / Allies) n1234567: teal i hel pyou
(04:02 / Allies) Tital: k
(04:08 / Allies) n1234567: b
(04:36 / Allies) ITS-EASY-ROD: holy shit
(04:38 / Allies) ITS-EASY-ROD: these patches
(04:39 / Allies) Waffles: ill reveal when u rdy
(04:40 / Allies) ITS-EASY-ROD: fuck my clicks up
(04:40 / Allies) n1234567: ready for middle?
(04:45 / Allies) Tital: low ping
(04:47 / Allies) Tital: so dope
(05:42 / Allies) n1234567: com emiddle now
(05:48 / Allies) ITS-EASY-ROD: wood
(06:10 / Allies) Waffles: they has expo
(06:19 / Allies) Waffles: teal nooo
(06:53 / Allies) n1234567: ou tyellow
(07:16 / Allies) Waffles: they expanded fast as fuck
(07:35 / Allies) n1234567: gold
(09:01 / Allies) n1234567: godl?
(09:05 / Allies) Waffles: 1 sec
(09:49 / Allies) Waffles: shit
(10:26 / Allies) Tital: did they get mid?
(10:27 / Allies) n1234567: pink yo ugetting units?
(10:31 / Allies) n1234567: we did 20 minutes ago
(10:34 / Allies) Tital: k
(11:04 / Allies) ITS-EASY-ROD: owning purp and oj lawl
(11:19 / Allies) Waffles: teal re-mine
(11:33 / Allies) ITS-EASY-ROD: wood plz
(12:35 / Allies) n1234567: teal get units
(12:36 / Allies) n1234567: mass
(13:06 / Allies) Waffles: what now?
(14:06 / Allies) ITS-EASY-ROD: skipping grene
(15:01 / Allies) n1234567: hit pink
(16:03 / Allies) Tital: greens bm hits like a truck
(17:48 / Allies) Waffles: lol teal
(17:57 / Allies) Tital: lol fuck
(18:02 / Allies) Tital: i thought that was you guys coming in
(18:07 / Allies) Waffles: nop
(18:08 / Allies) Tital: mass poly my whole army
(18:57 / All) HURRY-THE-F-UP: tghis team is fucking retarded
(19:22 / Allies) n1234567: gold
(20:50 / Allies) n1234567: T;P
(20:56 / Allies) n1234567: t[p tome
(21:07 / Allies) n1234567: TP OMFG
(21:33 / All) ITS-EASY-ROD: chippo so imba
(21:40 / Allies) n1234567: CAN YO UHIT PINK?
(21:41 / All) Orc.T: so is ur strat lol
(21:54 / Allies) n1234567: pink
(21:55 / Allies) n1234567: gold man
(21:57 / Allies) ITS-EASY-ROD: we have this won bsaically they dont even have big armies
(22:07 / Allies) n1234567: pink gold
(22:09 / Allies) n1234567: 6000
(22:26 / Allies) n1234567: pink
(22:28 / Allies) n1234567: you have 10000
(22:30 / Allies) n1234567: some gold pls
(22:39 / Allies) Tital: same
(22:50 / Allies) n1234567: TP NOW
(23:15 / All) Orc.T: gg
(23:44 / All) ITS-EASY-ROD: we're still winning cuns
(23:49 / Allies) n1234567: COME INK
(24:14 / Allies) n1234567: PINK
(24:18 / Allies) n1234567: YOU HAVE FUCKING 1110000 GOLD
(24:19 / Allies) n1234567: YOU KIDDING
(24:21 / Allies) n1234567: GET RFUCKING BATS
(24:28 / Allies) ITS-EASY-ROD: getting oj base now
(24:33 / Allies) n1234567: GIVE GOLD
(24:58 / All) HURRY-THE-F-UP: I wish slow wasn't automatically selected
(25:16 / Allies) n1234567: GOLD PINK
(25:17 / All) HURRY-THE-F-UP: kinda could use orange
(25:28 / Allies) n1234567: HIT MAIN
(26:04 / All) Orc.T: damn
(26:06 / All) Orc.T: get some
(26:32 / All) ITS-EASY-ROD: i got 14k lawl
(26:32 / Allies) n1234567: pink
(26:34 / Allies) n1234567: get fucking bats
(26:40 / All) Orc.T: so does my team
(26:43 / All) Orc.T: not sharing :(
(27:16 / Allies) Waffles: shit i miss clicked on lvl 6 ability
(27:19 / Allies) Waffles: so no quake yet
(27:40 / All) ITS-EASY-ROD: jesus grees bm is strong
(27:42 / Allies) n1234567: opink
(27:44 / Allies) n1234567: you suck balls
(27:46 / Allies) n1234567: rank1 my ass
(27:48 / Allies) Tital: we need to fight together
(27:48 / Allies) n1234567: you suck big balls
(27:49 / Allies) n1234567: useless
(28:06 / Allies) n1234567: goive me gold pink
(28:09 / Allies) n1234567: or I tk you
(28:11 / Allies) ITS-EASY-ROD: how much
(28:16 / Allies) n1234567: 5000
(28:18 / Allies) Waffles: pink will win it dont worry
(28:28 / Allies) Waffles: dont give it will be wasted to middle upkeep
(28:30 / Allies) n1234567: they hve 50000 units
(28:31 / Allies) ITS-EASY-ROD: i personally dont like being threatened red
(28:33 / Allies) n1234567: with lvl 10 heroes
(28:43 / Allies) n1234567: TP PNK
(28:59 / Allies) n1234567: PINK YOU FUCKNG SUCK
(29:04 / All) ITS-EASY-ROD: lol
(29:11 / All) ITS-EASY-ROD: jesus red is nuts
(29:23 / Allies) n1234567: tp you fuck
(29:26 / All) ITS-EASY-ROD: i took out purple and oj and he says i suck
(29:33 / All) HURRY-THE-F-UP: why run
(29:50 / Allies) n1234567: gold pink
(29:57 / Allies) Waffles: ill gold u
(30:01 / Allies) ITS-EASY-ROD: apologize for saying u were gonna tk me red
(30:08 / All) Orc.T: lawl
(30:12 / Allies) n1234567: give me gold first
(30:14 / Allies) Waffles: my mine still have over 1 k red, ur good
(30:30 / Allies) ITS-EASY-ROD: apologize red
(30:31 / Allies) ITS-EASY-ROD: right now
(30:36 / All) ITS-EASY-ROD: red has 30s ec to apologize to me
(30:38 / Allies) Waffles: red say sorry
(30:39 / All) ITS-EASY-ROD: for saying he was gonna tk me
(30:44 / Allies) n1234567: why don't you suck a big cock
(30:48 / Allies) Waffles: LOLOLOLOL
(30:49 / All) n1234567: pink has 16000 gold
(30:50 / All) n1234567: was rank 1
(30:50 / All) Waffles: ITS ON
(30:51 / All) n1234567: HAHAHAHAH
(30:52 / All) Orc.T: wow and youve came this far
(30:53 / All) ITS-EASY-ROD: 17.5k
(30:54 / All) n1234567: he's a fucking noob
(31:01 / All) n1234567: and doesn't share
(31:05 / All) Waffles: shit ogt real on this team
(31:08 / All) n1234567: every time I see you next.. automatic TK
(31:09 / All) Waffles: got*
(31:09 / All) n1234567: useless fuck
(31:12 / All) n1234567: and all of s4s
(31:55 / Allies) Waffles: if only i had quake
(32:37 / All) HURRY-THE-F-UP: weow
(32:45 / All) HURRY-THE-F-UP: dude what the fuck
(32:52 / All) HURRY-THE-F-UP: yeah tk
(32:59 / All) HURRY-THE-F-UP: He's here crying about gold
(33:16 / All) Waffles: look at blue and pink names, so similar
(33:28 / All) HURRY-THE-F-UP: just go tk
(33:28 / All) Waffles: they planned this
(33:29 / All) Orc.T: :P
(33:33 / All) Orc.T: a long good game
(33:38 / All) Orc.T: cant complain
(33:51 / Allies) Waffles: pink will tk u now red
(34:01 / All) n1234567: GG
(34:09 / All) Orc.T: yall out to get me?
(34:44 / All) ITS-EASY-ROD: die nigger
(34:58 / Allies) n1234567: you lose dumb fuck
(35:02 / Allies) n1234567: useless piece of shit
(35:05 / Allies) n1234567: yellow feeding you
(35:06 / All) ITS-EASY-ROD: naw they with me
(35:08 / Allies) n1234567: and you're doing cock
(35:09 / All) ITS-EASY-ROD: yelllow was right lawl
(35:09 / Allies) n1234567: dumb fuck
(35:10 / All) Waffles: he dont care, look at his name
(35:14 / All) Waffles: he knows blue
(35:26 / All) ITS-EASY-ROD: i feel bad about getting fed but still, they are my comrades
(35:27 / All) HURRY-THE-F-UP: green has 8k
(35:32 / All) HURRY-THE-F-UP: and complaining about gold lmao
(35:36 / All) HiSSsSSSsSSSsSS: what
(35:36 / All) HiSSsSSSsSSSsSS: No
(35:39 / All) Orc.T: no thats me lol
(35:40 / All) HURRY-THE-F-UP: just fucking say "give me gold" or "let me take that mine"
(35:40 / All) HiSSsSSSsSSSsSS: I'm saying you mass expos every game
(35:44 / All) HiSSsSSSsSSSsSS: even when you don't need them
(35:45 / All) HURRY-THE-F-UP: so ?
(35:47 / All) HiSSsSSSsSSSsSS: I never said I'm out of gold
(35:47 / All) HURRY-THE-F-UP: you have 8 fucking k
(35:52 / All) HiSSsSSSsSSSsSS: so I could be taking mid left rather than you
(35:55 / All) HiSSsSSSsSSSsSS: yeah and you have more than that
(35:55 / All) HURRY-THE-F-UP: so you let my shit die and yo usit in mid
(35:58 / All) HURRY-THE-F-UP: because I took an expo?
(36:04 / All) HURRY-THE-F-UP: waht the fuck ever
(36:04 / All) HiSSsSSSsSSSsSS: I didn't even see your shit die
(36:08 / All) HURRY-THE-F-UP: I pinged 50 times
(36:13 / All) HiSSsSSSsSSSsSS: oh bot left there at the end
(36:17 / All) HiSSsSSSsSSSsSS: why would I have attacked into that
(36:20 / All) HiSSsSSSsSSSsSS: looked stronger than my army
(36:27 / All) HiSSsSSSsSSSsSS: You coulda got real units sooner
(36:32 / Allies) Waffles: i need wood
(36:36 / All) ITS-EASY-ROD: i feel good red is dead
(36:39 / All) Orc.T: fuck u yellow
(36:47 / All) ITS-EASY-ROD: y yellow?
(36:50 / All) ITS-EASY-ROD: wut did he do wrong
(36:50 / All) HURRY-THE-F-UP: green is pretending liek he didn't see me pinging lol
(36:52 / All) Orc.T: my last wisp
(36:53 / All) HURRY-THE-F-UP: then he too mid left
(36:56 / All) HURRY-THE-F-UP: after it got killed
(37:01 / All) ITS-EASY-ROD: buy green tiny hall
(37:09 / All) Orc.T: oooh
(37:11 / All) Orc.T: ty!
(37:17 / All) HiSSsSSSsSSSsSS: you always get pissed in games like this
(37:18 / All) Orc.T: hopefully that lasts 3 minutes
(37:33 / All) HiSSsSSSsSSSsSS: I didn't see you pinging but I noticed bot left being attacked
(37:38 / All) HURRY-THE-F-UP: right
(37:41 / All) HiSSsSSSsSSSsSS: and I didn't help because it looked like I couldn't take it
(37:53 / All) HURRY-THE-F-UP: I believe you I do
(38:02 / All) HURRY-THE-F-UP: 100%
(38:04 / All) HiSSsSSSsSSSsSS: You have a big ego and always whine when you get raped
(38:08 / All) HURRY-THE-F-UP: lawl
(38:08 / All) HiSSsSSSsSSSsSS: never your fault
(38:09 / Allies) ITS-EASY-ROD: u guys still could win. my friends are pissed at each othe rlol
(38:15 / Allies) ITS-EASY-ROD: if u manipulate them
(38:15 / All) Waffles: what now?
(38:21 / All) HURRY-THE-F-UP: you had two high level heroes
(38:26 / All) HURRY-THE-F-UP: they had none at 6
(38:27 / All) HURRY-THE-F-UP: plus mine
(38:29 / All) HiSSsSSSsSSSsSS: you lost an expo big deal
(38:32 / All) HiSSsSSSsSSSsSS: cry me a river
(38:34 / All) HURRY-THE-F-UP: plus purples shit
(38:37 / All) HURRY-THE-F-UP: lawol
(38:42 / All) HURRY-THE-F-UP: I took an expo big deal
(38:44 / All) HURRY-THE-F-UP: cry me a river
(38:52 / All) HiSSsSSSsSSSsSS: I just pointed it out
(38:52 / All) Orc.T: u both r hypocrits... my struggle has went unnoticed
(38:58 / All) HiSSsSSSsSSSsSS: you're having a temper tantrum over this
(39:09 / All) HURRY-THE-F-UP: because you are being a faggot
(39:13 / All) ITS-EASY-ROD: this game went smooth as hell
(39:14 / All) HiSSsSSSsSSSsSS: nah
(39:15 / All) ITS-EASY-ROD: wtf
(39:17 / All) HURRY-THE-F-UP: you intentionally let it die
(39:20 / All) HURRY-THE-F-UP: because I took mid left expo
(39:24 / All) HiSSsSSSsSSSsSS: I didn't lol
(39:28 / Allies) ITS-EASY-ROD: u guys did good. well red and teal did
(39:30 / All) HURRY-THE-F-UP: 100% you did
(39:33 / All) HiSSsSSSsSSSsSS: nah
(39:34 / Allies) Waffles: lol
(39:36 / All) HURRY-THE-F-UP: yah
(39:43 / Allies) ITS-EASY-ROD: u got my 2 friends pissed at each other
(39:44 / All) HiSSsSSSsSSSsSS: nope
(40:16 / All) ITS-EASY-ROD: should i tk teal
(40:28 / All) Tital: ...
(40:32 / All) Waffles: yes
(40:38 / All) Tital: no
(40:45 / All) ITS-EASY-ROD: i cant tell if green and blue are gonna tk each other lol
(40:46 / Allies) Tital: we can win this
(40:57 / All) HURRY-THE-F-UP: I don't have units to
(41:01 / All) HURRY-THE-F-UP: if I wanted to
(41:04 / All) ITS-EASY-ROD: greeen tked u?
(41:05 / All) HiSSsSSSsSSSsSS: he couldn't if he wanted to
(41:06 / All) HURRY-THE-F-UP: don't really care
(41:12 / Allies) n1234567: we lose.. cause pink is a faggot
(41:12 / All) Waffles: purple is strong lots of frosts
(41:14 / Allies) n1234567: we can't win
(41:15 / All) ITS-EASY-ROD: how'd u die lawl
(41:15 / Allies) n1234567: blue has units
(41:19 / All) HiSSsSSSsSSSsSS: I'm done with war3 for now
(41:22 / All) HURRY-THE-F-UP: lawl
(41:26 / All) Orc.T: quitter...
(41:27 / All) ITS-EASY-ROD: lawl
(41:40 / All) ITS-EASY-ROD: my entire team is confused as shit
(41:41 / All) HURRY-THE-F-UP: he let my shit die and then lies
(41:44 / All) HURRY-THE-F-UP: like I don't know what he did
(42:00 / All) Waffles: ima play some cs:s while we decide what happens
(42:02 / All) ITS-EASY-ROD: u guy sshould give credit to red and teal they did good
(42:04 / All) HURRY-THE-F-UP: I couldn't his army
(42:08 / All) HURRY-THE-F-UP: with tons of shit that can't attack air
(42:09 / All) HURRY-THE-F-UP: lol
(42:14 / All) HURRY-THE-F-UP: if I wanted to tk
(42:16 / All) ITS-EASY-ROD: should we just leave?
(42:19 / All) ITS-EASY-ROD: since rod did
(42:20 / All) HURRY-THE-F-UP: no finish
(42:25 / All) ITS-EASY-ROD: kill teal?
(42:28 / All) HURRY-THE-F-UP: Yes
(42:36 / All) Tital: no
(42:37 / All) ITS-EASY-ROD: aight .
(42:40 / All) Waffles: why kill teal? purple and oj are strong
(42:49 / All) ITS-EASY-ROD: if u guys havent noticed me green and blue are friends lawl
(42:49 / Allies) n1234567: we lose you dumb fuck pink
(42:57 / All) ITS-EASY-ROD: go
(43:19 / All) Orc.T: no wonder green took it personally
(43:34 / All) Tital: this whole game
(43:38 / All) Tital: time wasted
(43:44 / All) n1234567: lose dumb pink
(43:45 / All) n1234567: HAHAHAHAH
(43:45 / All) ITS-EASY-ROD: u guys accompolsihed
(43:46 / All) Tital: ends with pink tking
(43:47 / All) n1234567: useless fuck
(43:49 / All) ITS-EASY-ROD: something
(43:50 / All) Tital: fucking loser
(43:50 / All) ITS-EASY-ROD: lol
(43:58 / All) ITS-EASY-ROD: u got our friend green pissed off
(44:03 / Allies) n1234567: kill frosts teal
(44:06 / Allies) Waffles: can we still win?
(44:17 / All) ITS-EASY-ROD: im not sure
(44:19 / All) Orc.T: bah
(44:21 / Allies) n1234567: we cannot
(44:21 / All) ITS-EASY-ROD: we miht make this a "standoff"
(44:25 / All) Orc.T: blue u savage
(44:26 / Allies) n1234567: cause pink is a dumb noob
(44:27 / Allies) n1234567: useless
(44:37 / All) Orc.T: well gg lads
(44:42 / All) Tital: not at all
(44:43 / All) ITS-EASY-ROD: orange
(44:51 / All) ITS-EASY-ROD: orange if we kill all units will u stay in game
(45:00 / All) Orc.T: i got nothing but time my friend
(45:09 / All) ITS-EASY-ROD: me and blue are friends, we're gonna kill all units then leave game
(45:21 / All) Orc.T: whatever works man
(45:22 / All) ITS-EASY-ROD: person with best internet connection wins
(45:25 / All) Orc.T: i got a good game out of it
(45:26 / All) ITS-EASY-ROD: so yes u "can" win
(45:30 / All) Orc.T: lol
(45:32 / All) Orc.T: awesome
(45:35 / All) Tital: this was a horrible game
(45:37 / All) ITS-EASY-ROD: i have no reason to lie to u
(45:39 / All) HURRY-THE-F-UP: kill yellow
(45:50 / All) ITS-EASY-ROD: as soon as i kill purple im gonna kill my burrows
(45:50 / All) Orc.T: lots of ups and downs
(45:54 / All) Orc.T: all mines got mined
(45:57 / All) Orc.T: = gg
(45:58 / All) HURRY-THE-F-UP: kill yellow
(46:04 / All) Waffles: why?
(46:15 / All) Orc.T: has the whole map been crept?
(46:22 / All) ITS-EASY-ROD: make spirit walkers go uneatheral bob
(46:24 / All) Orc.T: get 'er done....
(46:31 / All) ITS-EASY-ROD: yea im killing my base now
(46:36 / All) Tital: you guys are retarded
(46:38 / All) ITS-EASY-ROD: in 5 min me and blue are gonna leave
(46:53 / All) Orc.T: more weakness from tital
(47:21 / All) Orc.T: grabbin a beer brb
(47:57 / All) ITS-EASY-ROD: dont get mad yellow i have to kill ur peasants tho
(48:11 / All) Waffles: :(
(48:17 / All) ITS-EASY-ROD: its gonna be orange vs yellow and red for championship
(48:23 / All) ITS-EASY-ROD: person who leavES WC3 on longest wins
(48:32 / All) ITS-EASY-ROD: make spirit walkers go untheral
(49:35 / All) HURRY-THE-F-UP: kill orange hippo
(50:15 / All) ITS-EASY-ROD: cant find teals 5 food
(50:28 / All) ITS-EASY-ROD: thx
(50:49 / All) ITS-EASY-ROD: yellow pinged teals peasants lawl
(51:00 / All) HURRY-THE-F-UP: good boy
(51:10 / All) ITS-EASY-ROD: standoff almost done
(52:46 / All) ITS-EASY-ROD: standoff done my side.
(52:51 / All) HURRY-THE-F-UP: almost done my side
(52:52 / All) ITS-EASY-ROD: we'lll whispe ru guys tomorrow if game is still online
(53:13 / All) HURRY-THE-F-UP: 2 food somewhere
(53:22 / All) HURRY-THE-F-UP: found it
(53:29 / All) HURRY-THE-F-UP: and castle lawl
(53:38 / All) ITS-EASY-ROD: i have no idea why rod got mad lawl
(53:54 / All) HURRY-THE-F-UP: Because I pointed out he was a cunt
(53:55 / All) ITS-EASY-ROD: he was 2 man side and still got pissed
(54:05 / All) HURRY-THE-F-UP: he pretended that he didn't see my 50 pings
(54:11 / All) HURRY-THE-F-UP: thne said "oh I couldn't have taken that" lmao
(54:13 / All) HURRY-THE-F-UP: okay
(54:21 / All) HURRY-THE-F-UP: he wanted them to kill left mid so he could take it
(54:27 / All) HURRY-THE-F-UP: I would have let him have it but didn't see chat
(54:29 / All) ITS-EASY-ROD: red and teal did pretty damn good tho, and yellow
(54:35 / All) ITS-EASY-ROD: they were winning 2v4
(54:40 / All) HURRY-THE-F-UP: He mad that I was taking 3rd expo you already had 3 lmao
(54:47 / All) HURRY-THE-F-UP: you even took the one above his natural
(54:57 / All) HURRY-THE-F-UP: all I had were sorcs
(55:08 / All) ITS-EASY-ROD: i got it only cuz red got 2 expos
(55:11 / All) HURRY-THE-F-UP: he did like nothing with stacked bm and a sh
(55:17 / All) HURRY-THE-F-UP: I pinged all game red's expos
(55:22 / All) HURRY-THE-F-UP: he went red corners creeping
(55:24 / All) ITS-EASY-ROD: can we leave?
(55:24 / All) HURRY-THE-F-UP: all 4
(55:32 / All) HURRY-THE-F-UP: killing bm
(55:38 / All) HURRY-THE-F-UP: Alright
(55:41 / All) HURRY-THE-F-UP: Good luck gentlemen